 Dungeon Crawl Stone Soup version 0.22.0 (webtiles) character file.

2310 Gergoth the Ruffian (level 9, -3/85 HPs)
             Began as a Troll Earth Elementalist on Aug 11, 2018.
             Slain by a gnoll
             ... wielding a +0 halberd
              (5 damage)
             ... in a bailey.
             The game lasted 00:09:40 (5058 turns).

Gergoth the Ruffian (Troll Earth Elementalist)      Turns: 5058, Time: 00:09:41

Health: -3/85      AC:  6    Str: 21    XL:     9   Next: 18%
Magic:  9/9        EV: 11    Int: 11    God:
Gold:   330        SH:  0    Dex: 10    Spells: 7/10 levels left

rFire    . . .     SeeInvis .     - Unarmed
rCold    . . .     Gourm    +   (no shield)
rNeg     . . .     Faith    .   c - +0 robe
rPois    .         Spirit   .   (helmet restricted)
rElec    .         Reflect  .   n - +0 cloak
rCorr    .         Harm     .   (gloves unavailable)
MR       .....                  (boots unavailable)
Stlth    +.........             A - amulet of rage
HPRegen  0.64/turn              (no ring)
MPRegen  0.11/turn              (no ring)

@: no status effects
A: large, unfitting armour, claws 3, fast metabolism 3, gourmand, regeneration
1, shaggy fur 1, tough skin 2
a: Evoke Berserk Rage


You were in a bailey.
You were very full.

You visited 1 branch of the dungeon, and saw 7 of its levels.
You also visited: Bailey.

You collected 330 gold pieces.

Inventory:

Missiles
 b - 249 stones (quivered)
 w - 8 tomahawks
 G - 2 throwing nets
Armour
 c - a +0 robe (worn)
 n - a +0 cloak (worn)
Jewellery
 A - an amulet of rage (around neck)
Wands
 h - a wand of enslavement (13)
 u - a wand of random effects (27)
Scrolls
 e - 5 scrolls of remove curse
 f - a scroll of identify {@r1}
 j - 2 scrolls of amnesia {unknown}
 m - 3 scrolls of enchant armour {unknown}
 o - 2 scrolls of fog {unknown}
 s - a scroll of noise {unknown}
 x - a scroll of blinking {unknown}
 y - 2 scrolls of fear {unknown}
 z - a scroll of teleportation {unknown}
 C - 3 scrolls of random uselessness {unknown}
Potions
 a - 2 potions of berserk rage
 g - 3 potions of flight {unknown}
 i - 2 potions of lignification {unknown}
 k - 2 potions of ambrosia {unknown}
 l - a potion of experience {unknown}
 p - a potion of mutation {unknown}
 r - 2 potions of heal wounds {unknown}
 t - a potion of degeneration {unknown}
 v - a potion of invisibility {unknown}
 B - a potion of resistance {unknown}
 E - a potion of haste {unknown}
 F - a potion of brilliance {unknown}
 H - a potion of might {unknown}
Comestibles
 d - 7 rations
 q - 8 chunks of flesh


   Skills:
 + Level 4.3 Fighting
 + Level 4.7 Throwing
 + Level 4.3 Armour
 + Level 4.8 Dodging
 - Level 1.0 Stealth
 + Level 5.3 Unarmed Combat
 - Level 1.2 Spellcasting
 - Level 0.6 Transmutations
 - Level 2.6 Earth Magic


You had 7 spell levels left.
You knew the following spells:

 Your Spells              Type           Power        Failure   Level  Hunger
a - Sandblast             Erth           #.....       11%         1    ##.....
b - Passwall              Tmut/Erth      #.......     24%         2    ###....

Your spell library contained the following spells:

 Spells                   Type           Power        Failure   Level  Hunger
 Stone Arrow              Conj/Erth      #.....       50%         3    ####...
 Lee's Rapid Deconstruct  Erth           #.........   96%         5    ######.
 Petrify                  Tmut/Erth      #.......     85%         4    #####..


Dungeon Overview and Level Annotations

Branches:
Dungeon (7/15)
 Temple: D:4-7

Altars:
Nemelex Xobeh


Innate Abilities, Weirdness & Mutations

You are too large for most types of armour.
You have claws for hands.
Your metabolism is lightning-fast.
You like to eat raw meat.
Your natural rate of healing is unusually fast.
You are covered in fur. (AC +1)
You have very tough skin. (AC +2)


Message History

You see here a hound skeleton.
You scratch the gnoll but do no damage. The gnoll completely misses you.
The gnoll hits you with a halberd!
You scratch the gnoll.
The gnoll is moderately wounded.
The gnoll sergeant hits you from afar with a bardiche!!
The gnoll hits you from afar with a trident!
You completely miss the gnoll.
The gnoll is moderately wounded.
The gnoll hits you from afar with a halberd!
* * * LOW HITPOINT WARNING * * *
The gnoll hits you but does no damage.
You claw the gnoll!
You kill the gnoll!
The gnoll sergeant hits you from afar with a bardiche!
* * * LOW HITPOINT WARNING * * *
The gnoll hits you from afar with a trident.
* * * LOW HITPOINT WARNING * * *
The gnoll hits you from afar with a halberd.
You die...

≈........(.......
≈≈...............
♣≈≈≈≈≈≈≈...≈≈≈≈≈≈
♣...............
♣♣...........♣♣
♣♣.......♣♣♣♣
♣♣♣♣ggg♣♣ ♣♣)♣♣
♣@♣ ♣∩♣ ###


You could see a gnoll sergeant and 2 gnolls.

Vanquished Creatures
  A phantom (D:2)
  An ice beast (D:5)
  An orc warrior (D:7)
  5 ogres
  2 centaurs
  A crocodile (D:6)
  A bullfrog (D:6)
  A scorpion (D:5)
  A howler monkey (D:6)
  6 wights (D:6)
  4 crimson imps
  A jelly (D:5)
  5 hounds
  A gnoll shaman (D:6)
  2 iguanas
  3 worker ants
  Ijyb (D:4)
  Natasha (thrice) (D:2)
  3 orc wizards
  A hound skeleton (D:3)
  A worker ant zombie (D:7)
  12 gnolls
  6 adders
  2 shadow imps
  An ooze (D:2)
  3 worms
  2 dart slugs (D:1)
  7 leopard geckos
  9 orcs
  10 bats
  11 giant cockroaches
  12 goblins
  6 hobgoblins
  5 jackals
  6 kobolds
  2 quokkas
  2 ball pythons (D:1)
  10 frilled lizards
  A jackal skeleton (D:5)
  A leopard gecko skeleton (D:4)
  A quokka skeleton (D:5)
  7 rats
161 creatures vanquished.

Notes
Turn   | Place    | Note
-------+----------+-------------------------------------------
     0 | D:1      | Gergoth the Troll Earth Elementalist began the quest for the Orb.
     0 | D:1      | Reached XP level 1. HP: 16/16 MP: 1/1
   255 | D:1      | Reached XP level 2. HP: 15/26 MP: 2/2
   654 | D:1      | Reached skill level 1 in Unarmed Combat
   665 | D:1      | Reached XP level 3. HP: 32/32 MP: 3/3
   845 | D:2      | Noticed a phantom
   924 | D:2      | Killed a phantom
   924 | D:2      | Reached skill level 1 in Fighting
   924 | D:2      | Reached skill level 1 in Throwing
   924 | D:2      | Reached skill level 1 in Armour
   924 | D:2      | Reached XP level 4. HP: 14/41 MP: 0/4
   985 | D:2      | Reached XP level 5. HP: 32/48 MP: 5/5
  1006 | D:2      | Reached skill level 2 in Unarmed Combat
  1018 | D:2      | Noticed Natasha
  1034 | D:2      | Killed Natasha
  1138 | D:2      | Noticed Natasha
  1148 | D:2      | Killed Natasha
  1276 | D:2      | Noticed Natasha
  1297 | D:2      | Killed Natasha
  1678 | D:3      | Reached XP level 6. HP: 33/57 MP: 6/6
  2465 | D:4      | Noticed Ijyb
  2479 | D:4      | Killed Ijyb
  2479 | D:4      | Reached skill level 3 in Unarmed Combat
  2604 | D:3      | Reached XP level 7. HP: 16/66 MP: 7/7
  3088 | D:4      | Learned a level 2 spell: Passwall
  3276 | D:5      | Entered Level 5 of the Dungeon
  3527 | D:5      | Found a sparkling altar of Nemelex Xobeh.
  3570 | D:5      | Reached skill level 4 in Unarmed Combat
  3570 | D:5      | Reached XP level 8. HP: 64/75 MP: 8/8
  4464 | D:6      | Reached skill level 5 in Unarmed Combat
  4538 | D:6      | Reached XP level 9. HP: 84/84 MP: 9/9
  4913 | D:7      | Found a flagged portal.
  4919 | Bailey   | Entered a bailey
  5058 | Bailey   | HP: 3/85 [gnoll sergeant/bardiche (15)]
  5058 | Bailey   | Slain by a gnoll

Skill      XL: |  1  2  3  4  5  6  7  8 |
---------------+-------------------------+-----
Unarmed Combat | 1 2 3 4 5 |  5.3
Fighting       | 1 2 3 4 |  4.3
Throwing       | 1 2 3 4 |  4.7
Armour         | 1 2 3 4 |  4.3
Dodging        | 2 3 4 |  4.8
Stealth        | |  1.0
Spellcasting   | |  1.2
Transmutations | |  0.6
Earth Magic    | |  2.6

Action                   |  1- 3 |  4- 6 |  7- 9 || total
-------------------------+-------+-------+-------++-------
Melee: Unarmed           |    97 |   209 |   304 ||   610
       Punch             |       |       |     4 ||     4
 Cast: Sandblast         |     3 |       |       ||     3
  Use: Scroll            |       |     1 |     3 ||     4
 Stab: Sleeping          |     2 |     1 |     4 ||     7
  Eat: Chunk             |    13 |    16 |    23 ||    52
Armor: Robe              |    36 |    94 |    60 ||   190
Dodge: Dodged            |    61 |   141 |   145 ||   347
